AoeStats
← Skraelin

Migration

509318538Analyzed
1v1 RM · 6d ago on Sep 26, 2026· 39m 41s· 2 players
Game mode
Random Map
Map size
132×132
Population
200
Speed
Normal
Resources
Standard
Victory
Conquest
Starting age
Dark Age
Ending age
Imperial Age
RankedLock teamsTeams togetherTeam positionsShared explorationLock speedFull tech treeHidden civsTurbo modeCheats
Victory
Defeat
🇺🇸 Varangians · United States
1200
+16
🇦🇺 Japanese · Australia
1208
-16
插标卖首之徒
2:07 Loom
12:53 Feudal Age
15:22 Wheelbarrow
14:50 Double-Bit Axe
18:50 Castle Age
16:57 Fletching
17:45 Stone Mining
17:46 Gold Mining
22:47 Bow Saw
22:53 Medium Warships
27:21 Medium Warships
28:24 Stone Shaft Mining
27:54 Bodkin Arrow
30:16 Padded Archer Armor
36:47 Imperial Age
34:15 Horse Collar
35:40 Leather Archer Armor
38:09 Ballistics
38:49 Chemistry
37:56 Siege Engineers
38:01 Masonry
38:06 Forging
38:04 Murder Holes
39:12 Chemistry
38:18 Siege Engineers
38:24 Masonry
Skraelin
4:15 Loom
10:50 Feudal Age
11:22 Double-Bit Axe
16:14 Castle Age
14:14 Fletching
18:02 Bow Saw
18:19 Medium Warships
19:52 Wheelbarrow
21:43 Man-at-Arms
23:20 Town Watch
25:31 Hand Cart
25:18 Town Patrol
25:54 Bodkin Arrow
26:26 Pikeman
31:17 Long Swordsman
32:21 Ballistics
33:21 Scale Barding Armor
33:05 Arson
34:52 Treadmill Crane
35:23 Careening
35:25 Clinker Construction
36:46 Forging
Connection lost

Rejoining the realm…

Still unreachable

The connection could not be restored.

Session expired

The server has moved on; the page needs a fresh start.